 Seeded DCSS version 0.30-a0-377-g5cb311bc9f (webtiles) character file.

Game seed: 12882034922843276435 (custom seed)

6 purpskrrrp the Shooter (level 1, 18/18 HPs)
             Began as a Minotaur Hunter on Nov 28, 2022.
             Got out of the dungeon alive.
             The game lasted 00:00:37 (138 turns).

purpskrrrp the Shooter (Minotaur Hunter)             Turns: 138, Time: 00:00:38

Health: 18/18      AC:  3    Str: 15    XL:     1   Next: 75%
Magic:  0/0        EV: 12    Int:  6    God:
Gold:   24         SH:  0    Dex: 13    Spells: 0/0 levels left

rFire   . . .      SeeInvis .    a - +0 shortbow
rCold   . . .      Faith    .    (shield currently unavailable)
rNeg    . . .      Spirit   .    c - +0 leather armour
rPois   .          Reflect  .    (helmet restricted)
rElec   .          Harm     .    (no cloak)
rCorr   .          Rampage  .    (no gloves)
Will    .....                    (no boots)
Stlth   +.........               (no amulet)
HPRegen 0.23/turn                (no ring)
MPRegen 0.07/turn                (no ring)

@: no status effects
A: horns 2, retaliatory headbutt
a: no special abilities


You escaped.
You visited 1 branch of the dungeon, and saw 1 of its levels.

You collected 24 gold pieces.

Inventory:

Hand Weapons
 a - a +0 shortbow (weapon)
Armour
 c - a +0 leather armour (worn)
Scrolls
 b - a scroll of immolation
 d - a scroll of noise {unknown}


   Skills:
 + Level 2.6 Fighting
 * Level 4.6 Ranged Weapons
 + Level 2.3 Dodging
 - Level 0.7 Stealth


You couldn't memorise any spells.
You didn't know any spells.
Your spell library was empty.

Dungeon Overview and Level Annotations

Branches:
Dungeon (1/15)

Altars:


Innate Abilities, Weirdness & Mutations

You have a pair of horns on your head.
You reflexively headbutt those who attack you in melee.


Message History

A rat comes into view.
Things that are here:
a scroll labelled IHUFUZ JOIBEV; 8 gold pieces A rat is nearby!
A rat is nearby!
A rat is nearby!
You shoot an arrow. The arrow hits the rat.
You kill the rat!
A bat comes into view.
You shoot an arrow. The arrow closely misses the bat.
You shoot an arrow. The arrow closely misses the bat.
The bat hits you but does no damage.
You shoot an arrow. The arrow closely misses the bat.
The bat barely misses you.
You shoot an arrow. The arrow closely misses the bat.
The bat hits you but does no damage.
You shoot an arrow. The arrow hits the bat!
You kill the bat!
No target in view!
No target in view!
No target in view!
No target in view!
No target in view!
No target in view!
No target in view!
No target in view!
No target in view!
No target in view!
No target in view!
No target in view!
No target in view!
No target in view!
No target in view!
No target in view!
No target in view!
This is a scroll of acquirement!
Unknown command.
There is a staircase leading out of the dungeon here.
Are you sure you want to leave the Dungeon?
This will make you lose the game!
You have escaped!

..). ... #########.#
..........##############
........................
................#######
# #P.....P#~#P..#
##~##P...P##~##P.#
~~~~~.[@..~~~~~..#
##~##P...P##~##P)##
P#~#P.....P#~#P...#
..................#
######..#########.#
#............#
#.######.##### #.### #.#
#...# #.#


There were no monsters in sight!

Vanquished Creatures
  A bat (D:1)
  A kobold (D:1)
  A quokka (D:1)
  3 rats (D:1)
6 creatures vanquished.

Notes
Turn   | Place    | Note
-------+----------+-------------------------------------------
     0 | D:1      | purpskrrrp the Minotaur Hunter began the quest for the Orb.
     0 | D:1      | Reached XP level 1. HP: 18/18 MP: 0/0
   102 | D:1      | Identified a scroll of acquirement
   138 | D:$      | Got out of the dungeon alive.

Illustrated notes

Levels and vault maps discovered:
D:1:      eino_arrival_water_cross, layout_basic

Action                   || total
-------------------------++-------
 Fire: Shortbow          ||    14
Armor: Leather armour    ||     3
Dodge: Dodged            ||     3

Table legend: (Time is in decaauts)
 A = Elapsed time spent in this place.
 B = Non-inter-level travel time spent in this place.
 C = Inter-level travel time spent in this place.
 D = Time resting spent in this place.
 E = Time spent auto-exploring this place.
 F = Levels seen in this place.
 G = Mean time per level.
                   A        B        C        D        E       F      G
               +--------+--------+--------+--------+--------+-----+--------+
         Total |    142 |    107 |     35 |      0 |     78 |   1 |  142.0 |
       Dungeon |    142 |    107 |     35 |      0 |     78 |   1 |  142.0 |
               +--------+--------+--------+--------+--------+-----+--------+

Top non-repeatable levels by time:
     D:1: 142 daAuts
